[Event "Titled Tuesday Blitz August 15 Early 2023"]
[White "Kohler, Aran"]
[Black "Yashmetov, Mikhail"]
[WhiteFideId "1002856"]
[BlackFideId "24198900"]
[WhiteElo "2248"]
[BlackElo "2455"]
[Result "0-1"]
[Round "10"]
[TimeControl "180+1"]
[Date "2023.08.15"]
[WhiteClock "0:00:00"]
[BlackClock "0:00:06"]
[Board "134"]

1. d4 Nf6 2. c3 d5 3. Bg5 c5 4. e3 Bf5 5. Nd2 e6 6. Ngf3 Be7 7. Bb5+ Nbd7 8. Ne5 O-O 9. Nxd7 Nxd7 10. Bxe7 Qxe7 11. O-O Nf6 12. Nf3 Ne4 13. Bd3 Qf6 14. Bxe4 Bxe4 15. Nd2 Bd3 16. Re1 b6 17. dxc5 bxc5 18. e4 Rab8 19. e5 Qg6 20. b3 Rfd8 21. Qf3 d4 22. cxd4 Rxd4 23. Rac1 Qg5 24. Nf1 Rd5 25. Ng3 Rbd8 26. Qe3 Qxe3 27. Rxe3 Ba6 28. h4 Rd1+ 29. Rxd1 Rxd1+ 30. Kh2 Rd2 31. Rc3 Rxf2 32. Rxc5 h6 33. Ra5 Bb7 34. Rxa7 Rxg2+ 35. Kh3 Bf3 36. Ra8+ Kh7 37. Ra7 Kg8 38. Ra4 g6 39. Rf4 Bd5 40. Ne4 Rxa2 41. Nf6+ Kg7 42. Nxd5 exd5 43. Rd4 Rb2 44. b4 Kf8 45. Rxd5 Rxb4 46. Kg3 Ke7 47. Ra5 Ke6 48. Ra7 Rb5 49. Ra6+ Kxe5 50. h5 g5 51. Rxh6 f5 52. Rh8 Rb3+ 53. Kf2 Kf4 54. h6 Rb2+ 55. Ke1 Rh2 56. h7 g4 57. Kf1 g3 58. Kg1 Rh6 59. Kg2 Rh2+ 60. Kg1 Kf3 61. Rf8 Rxh7 62. Rxf5+ Kg4 63. Ra5 Rb7 64. Ra3 Kh3 65. Ra1 Rb2 66. Rd1 Rg2+ 67. Kh1 Rh2+ 68. Kg1 Ra2 0-1


[Site "https://www.chess.com"]

[Event "Titled Tuesday Blitz August 15 Early 2023"]
[White "Sarkar, Justin"]
[Black "Tomaszewski, Kacper"]
[WhiteFideId "2010011"]
[BlackFideId "1127373"]
[WhiteElo "2246"]
[BlackElo "2449"]
[Result "0-1"]
[Round "10"]
[TimeControl "180+1"]
[Date "2023.08.15"]
[WhiteClock "0:00:00"]
[BlackClock "0:01:34"]
[Board "135"]

1. d4 Nf6 2. c4 e6 3. Nc3 Bb4 4. Qd3 c5 5. dxc5 Na6 6. a3 Nxc5 7. Qc2 Bxc3+ 8. Qxc3 d5 9. cxd5 Qxd5 10. f3 Nb3 11. e4 Nxe4 12. fxe4 Qxe4+ 13. Kf2 Nxa1 14. Qxg7 Qc2+ 15. Ne2 Qf5+ 16. Kg1 Qc5+ 17. Nd4 Qxc1 18. Qxh8+ Ke7 0-1


[Site "https://www.chess.com"]

[Event "Titled Tuesday Blitz August 15 Early 2023"]
[White "favesaul"]
[Black "Clawitter, Craig"]
[BlackFideId "2023105"]
[WhiteElo "2430"]
[BlackElo "2241"]
[Result "1-0"]
[Round "10"]
[TimeControl "180+1"]
[Date "2023.08.15"]
[WhiteClock "0:00:08"]
[BlackClock "0:00:09"]
[Board "136"]

1. Nf3 Nf6 2. c4 e6 3. Nc3 d5 4. d4 dxc4 5. e3 c5 6. Bxc4 Nc6 7. O-O cxd4 8. exd4 Be7 9. Re1 O-O 10. a3 b6 11. Bg5 Bb7 12. Rc1 Rc8 13. Ba2 Na5 14. Ne5 Nc6 15. Nf3 Na5 16. Ne5 Nc6 17. Nxc6 Rxc6 18. Qd3 Rd6 19. Rcd1 a6 20. Bb1 g6 21. Ba2 Nd5 22. Bxe7 Nxe7 23. Ne4 Bxe4 24. Qxe4 Nf5 25. d5 exd5 26. Rxd5 Qf6 27. Rxd6 Nxd6 28. Qc2 Rc8 29. Qd2 Nc4 30. Bxc4 Rxc4 31. g3 b5 32. h4 h5 33. Qh6 Qg7 34. Re8+ 1-0


[Site "https://www.chess.com"]

[Event "Titled Tuesday Blitz August 15 Early 2023"]
[White "Valle Maytin, Luis Enrique"]
[Black "Rivas Garcia, Victor"]
[WhiteFideId "3503666"]
[BlackFideId "2217740"]
[WhiteElo "2366"]
[BlackElo "2232"]
[Result "1/2-1/2"]
[Round "10"]
[TimeControl "180+1"]
[Date "2023.08.15"]
[WhiteClock "0:00:14"]
[BlackClock "0:00:59"]
[Board "137"]

1. d4 f5 2. Nf3 Nf6 3. g3 d6 4. Bg2 g6 5. c4 Bg7 6. Nc3 O-O 7. d5 Na6 8. O-O Qe8 9. Nd4 Bd7 10. a3 c6 11. b4 Nc7 12. Bb2 Rc8 13. Qb3 cxd5 14. Nxd5 Ncxd5 15. cxd5 Ba4 16. Qa2 Bd7 17. Rac1 Qf7 18. Ne6 Rfe8 19. Nxg7 Qxg7 20. Bd4 b6 21. Qb2 Qf7 22. Qb3 Bb5 23. Bxf6 Qxf6 24. Qe3 Bd7 25. h4 Qe5 26. Qxe5 dxe5 27. e4 Rxc1 28. Rxc1 Rc8 29. Rxc8+ Bxc8 30. f3 Kf7 31. Bf1 Ke8 32. Kf2 Kd7 33. Bb5+ Kd6 34. Ke3 e6 35. Bc4 exd5 36. Bxd5 Be6 37. Bxe6 Kxe6 38. f4 Kf6 39. b5 Ke6 40. exf5+ Kxf5 41. Kf3 h5 42. fxe5 Kxe5 43. g4 Ke6 44. Kf4 Kf6 45. g5+ Ke6 46. Ke4 Kd6 47. Kd4 Ke6 48. Ke4 Kd6 49. Kf4 Ke6 50. Ke4 1/2-1/2


[Site "https://www.chess.com"]

[Event "Titled Tuesday Blitz August 15 Early 2023"]
[White "UgarteCesar"]
[Black "Vaglio Munoz, Jaime"]
[BlackFideId "6500145"]
[WhiteElo "2330"]
[BlackElo "2230"]
[Result "1-0"]
[Round "10"]
[TimeControl "180+1"]
[Date "2023.08.15"]
[WhiteClock "0:00:39"]
[BlackClock "0:00:41"]
[Board "138"]

1. d4 c5 2. d5 d6 3. c4 b5 4. Qc2 bxc4 5. e4 Ba6 6. Bxc4 Bxc4 7. Qxc4 Nd7 8. Nc3 g6 9. Nf3 Bg7 10. O-O Ngf6 11. h3 O-O 12. Bf4 Rb8 13. Rab1 Rb4 14. Qe2 Nh5 15. Bh2 Qb6 16. e5 Rb8 17. g4 Nf4 18. Bxf4 Rxf4 19. exd6 exd6 20. Qe3 Rb4 21. b3 c4 22. Qxb6 R8xb6 23. Na4 R6b5 24. Rfc1 cxb3 25. Rc8+ Bf8 26. axb3 Kg7 27. Nc3 Rb7 28. Nd2 Nc5 29. f3 Be7 30. Re1 Bf6 31. Nce4 Bd4+ 32. Kg2 Be5 33. Nxc5 Bc3 34. Nce4 Rxe4 35. Rxe4 Bxd2 36. Rd8 Rxb3 37. Rxd6 Rd3 38. Rd7 Bg5 39. f4 Bh4 40. g5 Rg3+ 41. Kh2 Rf3 42. Kg2 Rf2+ 43. Kg1 h6 44. Rxa7 hxg5 45. fxg5 Rf5 46. Rxh4 Rxg5+ 47. Kf2 Rxd5 48. Rf4 Kh6 49. Raxf7 Rd2+ 50. Kg3 Rd3+ 51. Rf3 Rd5 52. h4 Rd1 53. Kg4 Rg1+ 54. Rg3 Rd1 55. Rf4 Rd5 56. Re3 Rd1 57. Rg3 Rd5 58. Ra4 Rc5 59. Ra6 Rd5 60. Kh3 Kh5 61. Raxg6 Rd3 62. Rg5+ Kh6 63. Rxd3 Kh7 64. Rd6 1-0


[Site "https://www.chess.com"]

[Event "Titled Tuesday Blitz August 15 Early 2023"]
[White "Tharushi, T H D Niklesha"]
[Black "Li, Hui"]
[WhiteFideId "9918264"]
[BlackFideId "15400310"]
[WhiteElo "2182"]
[BlackElo "2325"]
[Result "0-1"]
[Round "10"]
[TimeControl "180+1"]
[Date "2023.08.15"]
[WhiteClock "0:00:00"]
[BlackClock "0:00:09"]
[Board "139"]

1. e4 e5 2. Nf3 Nf6 3. Nxe5 d6 4. Nf3 Nxe4 5. Nc3 Nxc3 6. dxc3 Be7 7. Be3 Nc6 8. Bd3 Be6 9. Qd2 Qd7 10. Nd4 Nxd4 11. cxd4 d5 12. c3 Bf5 13. O-O O-O 14. Rfe1 Bxd3 15. Qxd3 Bd6 16. Bd2 Rfe8 17. Qf3 c6 18. Bf4 Rxe1+ 19. Rxe1 Re8 20. Re3 Bf8 21. Qe2 Rxe3 22. Qxe3 f6 23. h3 Kf7 24. g4 Qe6 25. Qxe6+ Kxe6 26. Kg2 g6 27. Kf3 f5 28. h4 fxg4+ 29. Kxg4 h5+ 30. Kg5 Kf7 31. Bb8 Be7+ 32. Kf4 Bxh4 33. Kf3 a6 34. Bc7 Bf6 35. Kg3 Ke6 36. a4 Kf5 37. f3 b5 38. axb5 axb5 39. Bd6 Bg5 40. f4 Bh6 41. Kf3 Bg7 42. Be5 Bf8 43. Kg3 Be7 44. b3 g5 45. Kf3 g4+ 46. Kg3 h4+ 47. Kg2 Ke4 48. Kf2 Bd8 49. Ke2 h3 50. Kf2 Bh4+ 51. Kg1 Bg3 52. Kh1 Bxf4 53. Bf6 g3 54. Kg1 Be3+ 0-1


[Site "https://www.chess.com"]

[Event "Titled Tuesday Blitz August 15 Early 2023"]
[White "Johnson, Ben"]
[Black "Martinez, Shawn"]
[WhiteFideId "2010917"]
[BlackFideId "2039770"]
[WhiteElo "2154"]
[BlackElo "2322"]
[Result "0-1"]
[Round "10"]
[TimeControl "180+1"]
[Date "2023.08.15"]
[WhiteClock "0:00:06"]
[BlackClock "0:00:03"]
[Board "140"]

1. Nf3 g6 2. e4 Bg7 3. d4 a6 4. Bc4 b5 5. Bb3 Bb7 6. Qe2 e6 7. Bg5 Ne7 8. e5 h6 9. Bh4 g5 10. Bg3 Nf5 11. c3 g4 12. Nfd2 Qg5 13. Ne4 Bxe4 14. Qxe4 Qc1+ 15. Bd1 Qxb2 16. Qxa8 O-O 17. Qe4 Qxa1 18. O-O h5 19. Bf4 Qxa2 20. Bg5 d5 21. Qd3 b4 22. h3 gxh3 23. gxh3 bxc3 24. Nxc3 Qc4 25. Qxc4 dxc4 26. Be3 Nc6 27. Bxh5 Ncxd4 28. Bf4 Rb8 29. Ra1 Rb3 30. Ne4 Rxh3 31. Bxf7+ Kf8 32. Ng5 Rh4 33. Bg3 Rg4 34. Nxe6+ Kxf7 35. Nxc7 Ne2+ 36. Kf1 Nexg3+ 37. fxg3 Rxg3 38. Rxa6 Bxe5 39. Nd5 c3 40. Ra7+ Ke6 41. Nb4 Ne3+ 42. Kf2 Rh3 43. Ra6+ Kf5 44. Nd3 Ng4+ 45. Kg2 Rxd3 46. Ra5 Rd2+ 47. Kf1 c2 48. Rc5 Rd1+ 49. Ke2 c1=Q 50. Rc4 Qxc4+ 51. Kf3 Qf1# 0-1


[Site "https://www.chess.com"]

[Event "Titled Tuesday Blitz August 15 Early 2023"]
[White "Sava, Christiansen-Danut-Eugen"]
[Black "Iunusovnuriddin"]
[WhiteFideId "1210114"]
[WhiteElo "2152"]
[BlackElo "2307"]
[Result "1-0"]
[Round "10"]
[TimeControl "180+1"]
[Date "2023.08.15"]
[WhiteClock "0:01:56"]
[BlackClock "0:00:26"]
[Board "142"]

1. d4 Nf6 2. c4 g6 3. Nc3 Bg7 4. e4 d6 5. f4 O-O 6. Nf3 c5 7. d5 e6 8. Be2 exd5 9. cxd5 b5 10. e5 dxe5 11. fxe5 Ng4 12. Bxb5 Nxe5 13. O-O Bg4 14. Be2 Nbd7 15. Nxe5 Bxe2 16. Qxe2 Nxe5 17. Bf4 Re8 18. Kh1 Nc6 19. Qg4 Nd4 20. Rae1 Qc8 21. Qxc8 Raxc8 22. d6 Red8 23. Nd5 Bf8 24. d7 Rc6 25. Re8 Rxd7 26. Bh6 Ne6 27. Nf6+ Kh8 28. Nxd7 1-0


[Site "https://www.chess.com"]

[Event "Titled Tuesday Blitz August 15 Early 2023"]
[White "Kriti Mayur Patel"]
[Black "Preobrazhenska_D2011"]
[WhiteFideId "35061780"]
[WhiteElo "2085"]
[BlackElo "2297"]
[Result "0-1"]
[Round "10"]
[TimeControl "180+1"]
[Date "2023.08.15"]
[WhiteClock "0:00:14"]
[BlackClock "0:00:09"]
[Board "143"]

1. e4 c5 2. d4 cxd4 3. c3 dxc3 4. Nxc3 Nc6 5. Nf3 d6 6. Bc4 e6 7. O-O Nf6 8. Qe2 Be7 9. Rd1 Qc7 10. Nb5 Qb8 11. Bf4 e5 12. Bg5 a6 13. Bxf6 gxf6 14. Nc3 Bg4 15. Nd5 Nd4 16. Qe3 Bxf3 17. gxf3 Nc2 18. Qh6 Nxa1 19. Qg7 Rf8 20. Rxa1 b5 21. Bb3 Kd7 22. Nxf6+ Bxf6 23. Qxf6 Qd8 24. Qf5+ Kc7 25. Bxf7 Qe7 26. Rc1+ Kb6 27. Qe6 Qg5+ 28. Kf1 Qxc1+ 29. Ke2 Qxb2+ 30. Ke3 Qc3+ 31. Ke2 Qc4+ 32. Qxc4 bxc4 33. Bxc4 Kc5 34. Bd5 Rab8 35. Kd3 Rb2 36. Ke3 Rfb8 37. h4 R8b4 38. h5 Rd4 39. h6 Rbd2 40. f4 R4d3# 0-1


[Site "https://www.chess.com"]

[Event "Titled Tuesday Blitz August 15 Early 2023"]
[White "Martin, Lewis"]
[Black "Stangl, Anita, Dr."]
[WhiteFideId "410551"]
[BlackFideId "4608801"]
[WhiteElo "2286"]
[BlackElo "2125"]
[Result "1-0"]
[Round "10"]
[TimeControl "180+1"]
[Date "2023.08.15"]
[WhiteClock "0:00:10"]
[BlackClock "0:00:46"]
[Board "144"]

1. e4 e6 2. d4 d5 3. Nd2 Nf6 4. e5 Nfd7 5. f4 c5 6. c3 Nc6 7. Ndf3 Qb6 8. Ne2 cxd4 9. cxd4 f6 10. g3 Bb4+ 11. Bd2 g5 12. Bh3 gxf4 13. gxf4 fxe5 14. fxe5 O-O 15. Bxe6+ Kh8 16. Bxd5 Ncxe5 17. O-O Nxf3+ 18. Rxf3 Rxf3 19. Bxf3 Qg6+ 20. Kh1 Qd3 21. Bxb4 Qxf3+ 22. Kg1 Nf6 23. Ng3 Qe3+ 24. Kg2 Bg4 25. Qb3 Bf3+ 26. Kf1 Qf4 27. Bd6 Qg4 28. Be5 Rf8 29. Kf2 Bc6 30. Rf1 h5 31. Kg1 Kh7 32. Rxf6 Rxf6 33. Bxf6 h4 34. Qf7+ Kh6 35. Qg7+ Qxg7 36. Bxg7+ Kxg7 37. Nf5+ Kf6 38. Nxh4 Bd5 39. a3 Kg5 40. Ng2 Kg4 41. Kf2 Kf5 42. Ne3+ Ke4 43. Nxd5 Kxd5 44. Ke3 b5 45. h4 a5 46. h5 b4 47. axb4 axb4 48. h6 Kc4 49. h7 Kb3 50. h8=Q Kxb2 51. d5+ Ka2 52. Kd2 b3 53. Kc1 Ka3 54. Qe8 Kb4 55. Kb2 Kc4 56. Qa4+ 1-0


[Site "https://www.chess.com"]

[Event "Titled Tuesday Blitz August 15 Early 2023"]
[White "slimshady"]
[Black "Navyblue1"]
[WhiteElo "2280"]
[BlackElo "1981"]
[Result "0-1"]
[Round "10"]
[TimeControl "180+1"]
[Date "2023.08.15"]
[WhiteClock "0:00:53"]
[BlackClock "0:00:30"]
[Board "145"]

1. e4 c5 2. Nf3 d6 3. d4 cxd4 4. Nxd4 Nf6 5. Nc3 a6 6. h3 e5 7. Nb3 Be6 8. f4 exf4 9. Bxf4 Nc6 10. Be2 Ne5 11. O-O Be7 12. Kh1 O-O 13. Nd4 Qc8 14. Nxe6 Qxe6 15. Bxe5 dxe5 16. Qe1 Bb4 17. a3 Bxc3 18. Qxc3 Nxe4 19. Qf3 Nf6 20. Qg3 Rac8 21. c3 Rfe8 22. Rad1 Rcd8 23. Qe3 Rxd1 24. Rxd1 Qc6 25. Bf3 e4 26. Be2 h6 27. c4 Qe6 28. b4 Qc6 29. b5 axb5 30. cxb5 Qc2 31. Rd7 Nxd7 0-1


[Site "https://www.chess.com"]

[Event "Titled Tuesday Blitz August 15 Early 2023"]
[White "Wilson, Otis"]
[Black "Baghdasaryan, Vahe"]
[WhiteFideId "30904021"]
[BlackFideId "13303139"]
[WhiteElo "1996"]
[BlackElo "2403"]
[Result "1-0"]
[Round "10"]
[TimeControl "180+1"]
[Date "2023.08.15"]
[WhiteClock "0:00:03"]
[BlackClock "0:00:09"]
[Board "146"]

1. d4 d5 2. c4 e6 3. Nc3 Be7 4. e3 Nf6 5. Nge2 O-O 6. Ng3 b6 7. b3 Bb7 8. Bb2 Nbd7 9. Bd3 c5 10. cxd5 Nxd5 11. Nxd5 Bxd5 12. O-O g6 13. Qd2 Bf6 14. Ne4 Bg7 15. dxc5 Bxb2 16. Qxb2 bxc5 17. Rfd1 Qe7 18. Bb5 Bxe4 19. Rxd7 Qg5 20. f4 Qh6 21. Rad1 a6 22. Bc4 g5 23. Qe5 Bf5 24. e4 Bg4 25. fxg5 Qh5 26. R1d2 Qh4 27. g3 Qh3 28. Qxc5 Rac8 29. Qe5 Bf3 30. Qf4 Qh5 31. Rf2 Bg4 32. Qd6 Bh3 33. Rf4 Qxg5 34. e5 Bf5 35. Qd4 Qg6 36. Qf2 h6 37. h4 h5 38. Kh2 Bg4 39. Rf6 Bf5 40. Rxg6+ fxg6 41. Qe3 Rf7 42. Rxf7 Kxf7 43. Qg5 Re8 44. Qf6+ Kg8 45. Bxa6 Ra8 46. Bc4 Rxa2+ 47. Kg1 Ra7 48. Bxe6+ Rf7 49. Bxf7+ Kf8 50. Bxg6+ Kg8 51. Qf7+ Kh8 52. Qh7# 1-0


[Site "https://www.chess.com"]

[Event "Titled Tuesday Blitz August 15 Early 2023"]
[White "Buscar, Michael"]
[Black "Kula, Robert"]
[WhiteFideId "2603616"]
[BlackFideId "1101218"]
[WhiteElo "2381"]
[BlackElo "2235"]
[Result "0-1"]
[Round "10"]
[TimeControl "180+1"]
[Date "2023.08.15"]
[WhiteClock "0:00:00"]
[BlackClock "0:00:57"]
[Board "147"]

1. Nf3 d5 2. c4 dxc4 3. Qa4+ Nc6 4. Qxc4 Be6 5. Qc2 Nf6 6. g3 g6 7. Bg2 Bg7 8. O-O O-O 9. d3 Nb4 10. Qa4 a5 11. a3 Nbd5 12. Bd2 Nb6 13. Qh4 c6 14. Bh6 a4 15. Ng5 Bd5 16. e4 Bb3 17. Bxg7 Kxg7 18. e5 Nh5 19. g4 f6 20. Nxh7 Kxh7 21. gxh5 g5 22. Qe4+ f5 23. Qe3 e6 24. Nd2 Bd5 25. Nf3 f4 26. Qd2 g4 27. Ne1 f3 28. Bh1 Qh4 29. d4 Qxh5 30. Qc2+ Kg7 31. Nd3 Rh8 0-1


[Site "https://www.chess.com"]

[Event "Titled Tuesday Blitz August 15 Early 2023"]
[White "Kaminski, Victor"]
[Black "Zampronha, Wladimir Camilo"]
[WhiteFideId "1131630"]
[BlackFideId "2103087"]
[WhiteElo "2266"]
[BlackElo "2225"]
[Result "1-0"]
[Round "10"]
[TimeControl "180+1"]
[Date "2023.08.15"]
[WhiteClock "0:02:16"]
[BlackClock "0:01:57"]
[Board "148"]

1. e4 c5 2. Nf3 e6 3. d4 cxd4 4. Nxd4 Nc6 5. Bf4 Nf6 6. Nb5 e5 7. Bg5 a6 8. Nd6+ Bxd6 9. Qxd6 Qa5+ 10. Bd2 Qa4 11. Nc3 Qxc2 12. Bd3 Qxb2 13. Rb1 Nxe4 14. Bxe4 Qa3 15. Qxa3 1-0


[Site "https://www.chess.com"]

[Event "Titled Tuesday Blitz August 15 Early 2023"]
[White "Larina, Maria"]
[Black "Hrescak, Ivana"]
[WhiteFideId "24113182"]
[BlackFideId "14613441"]
[WhiteElo "2122"]
[BlackElo "2264"]
[Result "1/2-1/2"]
[Round "10"]
[TimeControl "180+1"]
[Date "2023.08.15"]
[WhiteClock "0:00:07"]
[BlackClock "0:00:06"]
[Board "149"]

1. e4 e5 2. Nf3 Nc6 3. Nc3 Nf6 4. Bb5 Nd4 5. O-O c6 6. Bd3 d6 7. Nxd4 exd4 8. Ne2 c5 9. f4 Be7 10. Ng3 O-O 11. f5 Nd7 12. Be2 Bg5 13. d3 Ne5 14. Nh5 Bxc1 15. Qxc1 f6 16. Qf4 Qe7 17. Kh1 Bd7 18. g4 Be8 19. Ng3 b5 20. b3 a5 21. h4 a4 22. g5 axb3 23. axb3 Rxa1 24. Rxa1 Bc6 25. Nh5 g6 26. Nxf6+ Rxf6 27. gxf6 Qxf6 28. Ra7 gxf5 29. Qg3+ Ng6 30. h5 Qh4+ 31. Qxh4 Nxh4 32. Rc7 Be8 33. exf5 Nxf5 34. Bg4 Ne3 35. Be6+ Kf8 36. Rxh7 Nxc2 37. h6 Nb4 38. Bf5 c4 39. bxc4 bxc4 40. dxc4 d3 41. Bxd3 Nxd3 42. Rc7 Bg6 43. h7 Bxh7 44. Rxh7 Ne5 45. Ra7 Nxc4 46. Kg2 Ke8 47. Kf3 Ne5+ 48. Ke4 Nd7 49. Kd5 Ke7 50. Kd4 Ke6 51. Ra1 Nb6 52. Re1+ Kd7 53. Rh1 Nc8 54. Rc1 Ne7 55. Rf1 Ke6 56. Re1+ Kd7 57. Rf1 Nc6+ 58. Kc3 Ke6 59. Re1+ Kd5 60. Rd1+ Kc5 61. Rc1 d5 62. Kd3+ Kd6 63. Ra1 Ne5+ 64. Ke3 Kc5 65. Rc1+ Nc4+ 66. Kd3 Kd6 67. Rh1 Kc5 68. Rh5 Nd6 69. Rg5 Nb5 70. Rh5 Nc7 71. Rg5 Ne6 72. Re5 Nc7 73. Rh5 Nb5 74. Re5 Na3 75. Rh5 Nc4 76. Kc3 Ne3 77. Kd3 Nc4 78. Rf5 Nb2+ 79. Kc2 Na4 80. Kb3 Nb6 81. Rh5 Nc4 82. Rh6 Nd6 83. Kc3 d4+ 84. Kd3 Nb5 85. Rh5+ Kc6 86. Kc4 Nd6+ 87. Kxd4 Kd7 88. Rd5 Ke6 89. Re5+ Kd7 90. Re1 Kc6 91. Rc1+ Kd7 92. Ke5 Nf7+ 93. Kf6 Nd6 94. Rd1 Kc6 95. Ke6 Nb5 96. Rc1+ Kb6 97. Kd5 Nc7+ 98. Kd6 Nb5+ 99. Kd7 Ka5 100. Kc6 Na7+ 101. Kb7 Nb5 102. Ra1+ Kb4 103. Rb1+ Kc4 104. Rc1+ Kd5 105. Kb6 Nd4 106. Rd1 Ke5 107. Kc5 Ne6+ 108. Kc4 Nf4 109. Re1+ Kf5 110. Rf1 Ke4 111. Re1+ Kf3 112. Rf1+ Ke3 113. Rxf4 Kxf4 1/2-1/2


[Site "https://www.chess.com"]

[Event "Titled Tuesday Blitz August 15 Early 2023"]
[White "Souza Neves, Andrey M."]
[Black "Pein, Jonathan"]
[WhiteFideId "2101815"]
[BlackFideId "417092"]
[WhiteElo "2128"]
[BlackElo "2424"]
[Result "0-1"]
[Round "10"]
[TimeControl "180+1"]
[Date "2023.08.15"]
[WhiteClock "0:00:56"]
[BlackClock "0:01:58"]
[Board "150"]

1. d4 e6 2. c4 b6 3. e4 Bb7 4. Nc3 Bb4 5. Qc2 Nc6 6. Nf3 e5 7. Be3 exd4 8. Nxd4 Nf6 9. f3 Qe7 10. Nf5 Qf8 11. a3 Bc5 12. Bxc5 bxc5 13. O-O-O g6 14. Ne3 Nd4 15. Qa4 Qh6 16. Re1 Bc6 17. Qd1 O-O 18. Kb1 Rab8 19. Ned5 Bxd5 20. Nxd5 Nxd5 21. cxd5 d6 22. h4 Qg7 23. Qd2 h5 24. Be2 Rb6 25. g4 Rfb8 26. b4 cxb4 27. a4 b3 28. gxh5 Nc2 29. e5 Qxe5 0-1


[Site "https://www.chess.com"]

[Event "Titled Tuesday Blitz August 15 Early 2023"]
[White "Haszon, David"]
[Black "Tqebuchava, Zurab"]
[WhiteFideId "733610"]
[BlackFideId "13601113"]
[WhiteElo "2463"]
[BlackElo "2191"]
[Result "1-0"]
[Round "10"]
[TimeControl "180+1"]
[Date "2023.08.15"]
[WhiteClock "0:00:26"]
[BlackClock "0:00:03"]
[Board "151"]

1. Nf3 d6 2. g3 g6 3. d4 Bg7 4. Bg2 Bg4 5. O-O Bxf3 6. Bxf3 c6 7. c4 Nf6 8. Nc3 Nbd7 9. e4 e5 10. Be3 O-O 11. Bg2 Qe7 12. Qc2 Ng4 13. d5 Nxe3 14. fxe3 c5 15. Rf3 a6 16. Raf1 b5 17. cxb5 axb5 18. Nxb5 Nb6 19. a3 Ra5 20. Nc3 f6 21. Bh3 Rb8 22. Be6+ Kh8 23. b4 c4 24. bxa5 Na8 25. g4 Nc7 26. g5 f5 27. exf5 Qxg5+ 28. Rg3 Qh6 29. fxg6 hxg6 30. Rxg6 Qxe3+ 31. Kh1 Rb3 32. Rxg7 Kxg7 33. Rf7+ Kh6 34. Qh7+ Kg5 35. Qg7+ Kh4 36. Qg4# 1-0


[Site "https://www.chess.com"]

[Event "Titled Tuesday Blitz August 15 Early 2023"]
[White "Saucey, Michel"]
[Black "campochess"]
[WhiteFideId "601845"]
[WhiteElo "2267"]
[BlackElo "2159"]
[Result "1-0"]
[Round "10"]
[TimeControl "180+1"]
[Date "2023.08.15"]
[WhiteClock "0:00:04"]
[BlackClock "0:00:00"]
[Board "152"]

1. d4 Nf6 2. Nf3 g6 3. c4 Bg7 4. g3 d5 5. cxd5 Nxd5 6. Bg2 c6 7. O-O O-O 8. h3 Nb6 9. Nc3 N8d7 10. e4 Nf6 11. b3 a5 12. Ba3 a4 13. e5 Nfd5 14. Ne4 Bf5 15. Nc5 Qc7 16. g4 Bc8 17. Qd2 Nd7 18. Rfc1 Nxc5 19. Bxc5 Rd8 20. Ng5 Bh6 21. f4 Bxg5 22. fxg5 Be6 23. Qf2 Rd7 24. Ba3 Qa5 25. Rc5 Qa7 26. Bb2 a3 27. Bc1 Nb4 28. Qd2 Na6 29. Rc2 Qxd4+ 30. Qxd4 Rxd4 31. Be3 Rd7 32. Re1 Nb4 33. Rf2 Nd5 34. Bc5 Ra5 35. Bxd5 1-0


[Site "https://www.chess.com"]

[Event "Titled Tuesday Blitz August 15 Early 2023"]
[White "Ai, Evan"]
[Black "Winkels, Marcel"]
[WhiteFideId "2094770"]
[BlackFideId "1003887"]
[WhiteElo "2259"]
[BlackElo "2082"]
[Result "1-0"]
[Round "10"]
[TimeControl "180+1"]
[Date "2023.08.15"]
[WhiteClock "0:00:06"]
[BlackClock "0:00:04"]
[Board "153"]

1. d4 Nf6 2. Nf3 g6 3. c4 Bg7 4. Nc3 d5 5. cxd5 Nxd5 6. e4 Nxc3 7. bxc3 c5 8. Be2 O-O 9. O-O Nc6 10. Be3 Qa5 11. Qb3 b6 12. e5 Ba6 13. Bxa6 Qxa6 14. Ng5 Rad8 15. e6 cxd4 16. exf7+ Kh8 17. cxd4 Nxd4 18. Bxd4 Rxd4 19. Ne6 Rd3 20. Qc2 Rxf7 21. Rad1 Rxd1 22. Rxd1 Bf8 23. Rd8 Kg8 24. Qc3 Qe2 25. Qg7+ Rxg7 26. Rxf8# 1-0


[Site "https://www.chess.com"]

[Event "Titled Tuesday Blitz August 15 Early 2023"]
[White "AndresDelgado77"]
[Black "Osiecki, Stanislaw"]
[BlackFideId "1102990"]
[WhiteElo "2227"]
[BlackElo "2043"]
[Result "1-0"]
[Round "10"]
[TimeControl "180+1"]
[Date "2023.08.15"]
[WhiteClock "0:00:02"]
[BlackClock "0:00:00"]
[Board "154"]

1. e4 e6 2. d4 d5 3. e5 c5 4. c3 Nc6 5. Nf3 Qb6 6. Bd3 cxd4 7. a3 dxc3 8. Nxc3 a6 9. b4 Nge7 10. Be3 Qd8 11. Na4 Ng6 12. Bb6 Qd7 13. Bxg6 hxg6 14. O-O Be7 15. Nc5 Bxc5 16. Bxc5 Ne7 17. Rc1 O-O 18. Bd6 Qd8 19. Rc7 Re8 20. Ng5 f6 21. Nf3 Bd7 22. Qc2 Bc6 23. a4 Nf5 24. exf6 Qxd6 25. f7+ Kf8 26. fxe8=Q+ Rxe8 27. Rxc6 bxc6 28. Qd2 Rb8 29. Rb1 Kf7 30. g4 Ne7 31. Ng5+ Kg8 32. Qd3 e5 33. Qh3 1-0


[Site "https://www.chess.com"]

[Event "Titled Tuesday Blitz August 15 Early 2023"]
[White "Zepeda Berlanga, Jan Enrique"]
[Black "Schachpanda_Youtube"]
[WhiteFideId "5132355"]
[WhiteElo "1964"]
[BlackElo "2220"]
[Result "0-1"]
[Round "10"]
[TimeControl "180+1"]
[Date "2023.08.15"]
[WhiteClock "0:00:58"]
[BlackClock "0:00:54"]
[Board "155"]

1. c4 c6 2. Nc3 d5 3. e3 Nf6 4. d4 e6 5. Nf3 Bd6 6. Bd3 O-O 7. O-O dxc4 8. Bxc4 b5 9. Bd3 Nbd7 10. e4 e5 11. Bg5 h6 12. Bxf6 Qxf6 13. d5 b4 14. dxc6 bxc3 15. cxd7 Bxd7 16. bxc3 Rfd8 17. Qe2 Bg4 18. Rfd1 Rac8 19. Rac1 Bc5 20. h3 Bh5 21. Ba6 Rb8 22. g4 Bg6 23. Bc4 Qf4 24. Rc2 Qg3+ 25. Kh1 Qxh3+ 26. Nh2 Bxe4+ 27. Kg1 Qg2# 0-1


[Site "https://www.chess.com"]

[Event "Titled Tuesday Blitz August 15 Early 2023"]
[White "KSho99"]
[Black "Gyulamiryan-koryun"]
[WhiteElo "2211"]
[BlackElo "2027"]
[Result "1-0"]
[Round "10"]
[TimeControl "180+1"]
[Date "2023.08.15"]
[WhiteClock "0:00:45"]
[BlackClock "0:00:00"]
[Board "156"]

1. d4 Nf6 2. Nc3 d5 3. Bf4 g6 4. e3 Bg7 5. h4 h5 6. Nf3 O-O 7. Ne5 Nbd7 8. Be2 c6 9. Qd2 a5 10. O-O-O a4 11. Rdg1 a3 12. b3 Nxe5 13. Bxe5 b5 14. g4 b4 15. Na4 Ne4 16. Qxb4 Bxe5 17. dxe5 Nxf2 18. gxh5 Bf5 19. Qf4 Nxh1 20. Qxf5 Rxa4 21. hxg6 f6 22. Qh5 Rxh4 23. Qxh4 1-0


[Site "https://www.chess.com"]

[Event "Titled Tuesday Blitz August 15 Early 2023"]
[White "Vargas, Mauricio"]
[Black "Mirzanurov, Bulat"]
[WhiteFideId "4404572"]
[BlackFideId "4184521"]
[WhiteElo "1890"]
[BlackElo "2196"]
[Result "0-1"]
[Round "10"]
[TimeControl "180+1"]
[Date "2023.08.15"]
[WhiteClock "0:00:00"]
[BlackClock "0:00:50"]
[Board "157"]

1. e4 c5 2. Nc3 a6 3. f4 b5 4. Nf3 Bb7 5. d3 e6 6. g4 b4 7. Ne2 d5 8. e5 h5 9. g5 Ne7 10. h4 Nf5 11. Bh3 g6 12. Bxf5 exf5 13. O-O Qd7 14. Qe1 Nc6 15. c3 a5 16. Bd2 Rb8 17. Kh2 Ba6 18. d4 c4 19. Qf2 Be7 20. Rfe1 O-O 21. Ng3 Nd8 22. Kg2 Ne6 23. Qe2 Rb7 24. Nh2 bxc3 25. bxc3 Rb2 26. Red1 Nxf4+ 27. Bxf4 Rxe2+ 28. Kg1 Rc2 29. Bd2 Rb8 30. Nhf1 f4 31. Bxf4 Rbb2 32. Ne3 Rxc3 0-1


[Site "https://www.chess.com"]